 Dungeon Crawl Stone Soup version 0.26.1-11-gd32895ea62 (webtiles) character file.

Game seed: 11088408332030910455

9693 Zeld the Geomancer (level 11, 0/66 HPs)
             Began as a Gargoyle Earth Elementalist on June 14, 2021.
             Was a Priest of Sif Muna.
             Slain by a molten gargoyle
             ... wielding a +0 morningstar
              (7 damage)
             ... on level 10 of the Dungeon.
             The game lasted 00:19:44 (15155 turns).

Zeld the Geomancer (Gargoyle Earth Elementalist)   Turns: 15155, Time: 00:19:44

Health: 0/66       AC: 14    Str: 12    XL:     11   Next: 50%
Magic:  6/32       EV: 13    Int: 19    God:    Sif Muna [***...]
Gold:   519        SH:  0    Dex: 10    Spells: 12/27 levels left

rFire    . . .     SeeInvis .   a - staff of earth
rCold    . . .     Faith    .   (no shield)
rNeg     + . .     Spirit   .   j - +0 troll leather armour
rPois    ∞         Reflect  .   (no helmet)
rElec    +         Harm     .   C - +0 cloak
rCorr    .         Rampage  .   i - +0 pair of gloves
Will     .....                  (no boots)
Stlth    ++........             (no amulet)
HPRegen  0.61/turn              t - ring of magical power
MPRegen  0.23/turn              y - ring of flight

@: no status effects
A: negative energy resistance 1, electricity resistance, unbreathing,
petrification resistance, miasma immunity, AC +8
a: Renounce Religion, Evoke Flight, Channel Magic, Forget Spell


You were on level 10 of the Dungeon.
You worshipped Sif Muna.
Sif Muna was most pleased with you.
You visited 2 branches of the dungeon, and saw 11 of its levels.
You also visited: Bailey.

You collected 714 gold pieces.
You spent 195 gold pieces at shops.

Inventory:

Missiles
 v - 68 stones (quivered)
Armour
 i - a +0 pair of gloves (worn)
 j - a +0 troll leather armour (worn)
 C - a +0 cloak (worn)
Magical Staves
 a - an uncursed staff of earth (weapon)
Jewellery
 t - a ring of magical power (left hand)
 y - a ring of flight (right hand)
Wands
 c - a wand of acid (10)
 A - a wand of polymorph (12)
 B - a wand of paralysis (5)
 F - a wand of iceblast (8)
Scrolls
 f - 6 scrolls of teleportation
 g - 3 scrolls of enchant weapon
 k - a scroll of fear
 m - 9 scrolls of remove curse
 n - 2 scrolls of magic mapping
 o - 5 scrolls of blinking
 x - a scroll of enchant armour
 E - a scroll of summoning {unknown}
 G - a scroll of holy word {unknown}
Potions
 b - 2 potions of flight
 d - 4 potions of invisibility {unknown}
 e - 9 potions of curing
 h - 3 potions of might {unknown}
 l - a potion of cancellation {unknown}
 p - 4 potions of attraction {unknown}
 q - 5 potions of degeneration {unknown}
 r - 2 potions of lignification {unknown}
 s - 3 potions of ambrosia {unknown}
 u - 3 potions of heal wounds {unknown}
 w - a potion of mutation {unknown}
 z - 2 potions of brilliance {unknown}
 D - a potion of resistance {unknown}


   Skills:
 + Level 6.8 Fighting
 + Level 5.4 Dodging
 - Level 5.0 Stealth
 * Level 8.6 Spellcasting
 + Level 6.7 Conjurations
 - Level 1.0 Transmutations
 * Level 11.3 Earth Magic
 + Level 4.2 Invocations


You had 12 spell levels left.
You knew the following spells:

 Your Spells              Type           Power        Failure   Level
a - Sandblast             Erth           100%         1%          1
b - Passwall              Tmut/Erth      39%          1%          2
c - Stone Arrow           Conj/Erth      100%         1%          3
d - Petrify               Tmut/Erth      47%          9%          4
e - Lee's Rapid Deconstr  Erth           33%          2%          5

Your spell library contained the following spells:

 Spells                   Type           Power        Failure   Level


Dungeon Overview and Level Annotations

Branches:
Dungeon (10/15)            Temple (1/1) D:7          Bailey (visited)
   Lair: D:8-11         Orc: D:9-12

Altars:
Ashenzari
Cheibriados
Dithmenos
Elyvilon
Fedhas
Gozag
Hepliaklqana
Kikubaaqudgha
Makhleb
Nemelex Xobeh
Okawaru
Qazlal
Ru
Sif Muna
Trog
Uskayaw
Vehumet
Wu Jian
Xom
Yredelemnul
Zin
The Shining One

Shops:
D:7 ?

Annotations:
D:10 1 transporter, Eryximachus's ghost, journeyman OpTm


Innate Abilities, Weirdness & Mutations

You are resistant to torment.
Your stone body is resilient. (AC +8)
You are immune to poison.
You resist negative energy. (rN+)
You are resistant to electric shocks. (rElec)
You can survive without breathing.
You are immune to petrification.
You are immune to miasma.


Message History

Aiming: Stone Arrow (safe; 1% risk of failure)
Press: ? - help, Shift-Dir - straight line, f - molten gargoyle
Aim: a molten gargoyle, wielding a +0 morningstar (13% to evade)
You feel a surge of power!
The stone arrow hits the molten gargoyle!
The molten gargoyle is heavily damaged.
The molten gargoyle hits you with a +0 morningstar!
* * * LOW HITPOINT WARNING * * *
You are engulfed in flames!
* * * LOW HITPOINT WARNING * * *
Casting: Stone Arrow (safe; 1% risk of failure)
Confirm with . or Enter, or press ? or * to list all spells.
Aiming: Stone Arrow (safe; 1% risk of failure)
Press: ? - help, Shift-Dir - straight line, f/p - molten gargoyle
Aim: a molten gargoyle, wielding a +0 morningstar (heavily damaged, 13% to evade)
You feel a surge of power!
The stone arrow hits the molten gargoyle.
The molten gargoyle is severely damaged.
The molten gargoyle hits you with a +0 morningstar!
You die...

******,*,*,*,*,*,*,,,,,.........#
*,,,,,*,*,#(#,*,**,,,,,.........#
,,**.#...≈9≈...#.*,,,,,.........#
****..#.≈§≈§≈≈..##*,,,<.<......##
*##.§§§§≈§§.#.#**,,,........#
#.#.≈§88§≈§.###*,,*#######.#
##..≈≈88§≈§#...,,** #.##
#.#.≈≈≈§§≈≈.##**** #..#
**#..≈≈≈≈≈≈.#@# ##.#
*,,#...§.§..9## #.#
*,#.#.#.#.#.#.# #..
*,,#.#.#.#.#.## ##.
*,*##.........# #.
*.............# #.
*####......†..# #.
#.........###############.
#......#.#.#.#.#.#.#.#.#.#


You could see a molten gargoyle.

Vanquished Creatures
  Erica (D:8)
  A two-headed ogre (D:8)
  Pikel (D:4)
  An ugly thing (D:7)
  Joseph (D:8)
  Maurice (D:8)
  2 molten gargoyles (D:10)
  Maggie (D:7)
  A troll (D:8)
  Sigmund (D:2)
  Grum (D:8)
  A wraith (D:10)
  Menkaure (D:5)
  A water moccasin (D:9)
  2 black bears
  A sky beast (D:6)
  2 phantoms
  11 orc warriors
  4 ogres
  4 wolves
  3 centaurs
  2 big kobolds (D:8)
  A lemure (D:4)
  A gnoll sergeant (D:8)
  3 bullfrogs
  A wyvern skeleton (D:10)
  7 scorpions
  3 killer bees (D:8)
  A howler monkey (D:4)
  A centaur zombie (D:5)
  3 lava snakes
  A bullfrog zombie (D:5)
  A quasit (D:5)
  2 centaur skeletons
  11 orc priests
  3 hounds
  12 orc wizards
  Jessica (D:3)
  2 iguanas
  6 worker ants
  A hound zombie (D:6)
  4 hound skeletons
  12 gnolls
  15 adders
  A howler monkey skeleton (D:4)
  A shadow imp (D:9)
  4 white imps
  2 ufetubi
  2 adder skeletons (D:4)
  3 worms
  2 dart slugs (D:1)
  4 leopard geckos
  49 orcs
  5 giant cockroaches
  13 hobgoblins
  A jackal (D:4)
  3 quokkas
  3 ball pythons (D:2)
  A ball python zombie (D:5)
  6 bats
  7 frilled lizards
  16 goblins
  33 kobolds
  10 rats
302 creatures vanquished.

Notes
Turn   | Place    | Note
-------+----------+-------------------------------------------
     0 | D:1      | Zeld the Gargoyle Earth Elementalist began the quest for
                  | the Orb.
     0 | D:1      | Reached XP level 1. HP: 10/10 MP: 3/3
   147 | D:1      | Reached XP level 2. HP: 15/15 MP: 1/5
   650 | D:1      | Reached skill level 1 in Transmutations
   650 | D:1      | Reached skill level 4 in Earth Magic
   650 | D:1      | Reached XP level 3. HP: 19/20 MP: 4/6
   653 | D:1      | Learned a level 2 spell: Passwall
   657 | D:1      | Learned a level 3 spell: Stone Arrow
  1208 | D:2      | Reached skill level 1 in Fighting
  1382 | D:2      | Reached XP level 4. HP: 25/25 MP: 2/7
  1447 | D:2      | Found a faded altar of an unknown god.
  2123 | D:2      | Noticed Sigmund
  2125 | D:2      | You fall into a shaft and drop 2 floors!
  2400 | D:4      | Noticed a lemure
  2406 | D:3      | Noticed Jessica
  2408 | D:3      | Killed Jessica
  2409 | D:3      | Reached skill level 1 in Conjurations
  2409 | D:3      | Reached XP level 5. HP: 29/29 MP: 6/9
  2705 | D:3      | Learned a level 4 spell: Petrify
  2795 | D:3      | Reached skill level 5 in Earth Magic
  2795 | D:3      | Reached XP level 6. HP: 26/35 MP: 3/10
  3125 | D:2      | Killed Sigmund
  3557 | D:3      | Found a broken altar of Ashenzari.
  3935 | D:3      | Reached XP level 7. HP: 40/40 MP: 10/12
  4395 | D:4      | Noticed Pikel
  4405 | D:4      | Killed Pikel
  4406 | D:4      | Reached skill level 6 in Earth Magic
  4406 | D:4      | Reached XP level 8. HP: 31/46 MP: 2/14
  4412 | D:4      | Learned a level 5 spell: Lee's Rapid Deconstruction
  5183 | D:5      | Entered Level 5 of the Dungeon
  5183 | D:5      | Noticed Menkaure
  5186 | D:5      | Killed Menkaure
  5187 | D:5      | Reached skill level 5 in Spellcasting
  5187 | D:5      | Reached skill level 7 in Earth Magic
  5277 | D:5      | Found a hide-covered altar of Uskayaw.
  5280 | D:5      | Found an ancient bone altar of Kikubaaqudgha.
  5282 | D:5      | Found a radiant altar of Vehumet.
  5373 | D:5      | Found a blossoming altar of Fedhas.
  5509 | D:5      | Found a bloodstained altar of Trog.
  5969 | D:5      | Reached XP level 9. HP: 52/52 MP: 17/17
  6124 | D:6      | Reached skill level 5 in Stealth
  6231 | D:6      | Found an iron altar of Okawaru.
  6256 | D:6      | Found a glowing silver altar of Zin.
  6506 | D:6      | Reached skill level 8 in Earth Magic
  7219 | D:7      | Noticed Maggie
  7228 | D:7      | Killed Maggie
  7920 | D:7      | Found a staircase to the Ecumenical Temple.
  7932 | D:7      | Found Mugheb's Magic Scroll Shoppe.
  7942 | Temple   | Entered the Ecumenical Temple
  8004 | Temple   | Became a worshipper of Sif Muna the Loreminder
  8034 | D:7      | Bought a scroll of identify for 30 gold pieces
  8034 | D:7      | Bought a scroll of identify for 30 gold pieces
  8034 | D:7      | Bought a scroll of teleportation for 45 gold pieces
  8034 | D:7      | Bought a scroll of identify for 30 gold pieces
  8034 | D:7      | Bought a scroll of identify for 30 gold pieces
  8034 | D:7      | Bought a scroll of identify for 30 gold pieces
  8272 | D:7      | Reached skill level 5 in Fighting
  8272 | D:7      | Reached skill level 9 in Earth Magic
  8327 | D:7      | Found an ornate altar of the Wu Jian Council.
  8753 | D:8      | Noticed a troll
  8753 | D:8      | Noticed a cyan ugly thing
  8769 | D:7      | Killed a cyan ugly thing
  8770 | D:7      | Reached skill level 5 in Conjurations
  8770 | D:7      | Reached skill level 1 in Invocations
  8770 | D:7      | Reached XP level 10. HP: 22/59 MP: 7/20
  9162 | D:8      | Noticed a two-headed ogre
  9249 | D:8      | Killed a two-headed ogre
  9249 | D:8      | Reached * piety under Sif Muna
  9486 | D:8      | Found a snail-covered altar of Cheibriados.
  9486 | D:8      | Noticed Erica
  9521 | D:8      | Killed Erica
  9522 | D:8      | Reached skill level 10 in Earth Magic
  9607 | D:8      | Noticed Maurice
  9611 | D:8      | Killed Maurice
 10148 | D:8      | Noticed Joseph
 10538 | D:8      | Reached skill level 5 in Dodging
 10733 | D:8      | Killed Joseph
 10734 | D:8      | Reached XP level 11. HP: 54/64 MP: 0/22
 10972 | D:8      | Noticed Grum
 11290 | D:8      | Killed Grum
 11290 | D:8      | Reached ** piety under Sif Muna
 12549 | D:9      | Found a sparkling altar of Nemelex Xobeh.
 12864 | D:9      | Reached skill level 11 in Earth Magic
 13015 | D:9      | Found a hazy altar of Hepliaklqana.
 13169 | D:10     | Entered Level 10 of the Dungeon
 13169 | D:10     | Found a burning altar of Makhleb.
 13279 | D:10     | Noticed Eryximachus's ghost (journeyman OpTm)
 13282 | D:10     | Found a transporter.
 13294 | D:10     | Noticed a great orb of eyes
 13342 | D:10     | Found a flagged portal.
 13444 | Bailey   | Entered a bailey
 13603 | Bailey   | Reached *** piety under Sif Muna
 15155 | D:10     | Slain by a molten gargoyle

Illustrated notes

Levels and vault maps discovered:
D:1:      lightli_molten_gateway, layout_basic, minivault_19
D:2:      layout_loops_cross, chequers_ecumenical_altar_simple_redux,
          uniq_sigmund
D:3:      layout_basic, lemuel_coloured_pillars_altar, uniq_jessica
D:4:      minmay_chambers_of_twos, layout_cave_pods,
          hangedman_abyss_or_decor_stabs, uniq_pikel
D:5:      layout_cave_pools, nicolae_overflow_hidden_temple,
          grunt_temple_overflow_open, lemuel_crystal_altar, st_stairs_13,
          uniq_menkaure
D:6:      layout_cave_pools, old_standard_altar, old_standard_altar
D:7:      layout_basic, pdpol_wu_jian_five_deadly_venoms,
          minmay_temple_entry_crystal_x, serial_shops, nicolae_shop_statue_plus,
          kennysheep_cross_room, uniq_maggie
D:8:      minmay_bloctagon_deflated, layout_basic, cheibrodos_worm_habitat,
          uniq_joseph, uniq_maurice, uniq_grum, uniq_erica
D:9:      layout_loops_corners, kennysheep_mini_moat,
          nemelex_xobeh_ov_fountains_minmay, grunt_decor_clamped
D:10:     layout_rooms, enter_bailey_4, basic_altar, gammafunk_ghost_arena,
          hangedman_decor_points, st_stairs_13, minivault_8, uniq_urug
Temple:   zaba_magenta_temple

Skill      XL: |  1  2  3  4  5  6  7  8  9 10 11 |
---------------+----------------------------------+-----
Transmutations | 1 |  1.0
Earth Magic    | 4 5 6 7 9 10 11 | 11.3
Fighting       | 1 2 3 4 5 6 |  6.8
Dodging        | 2 3 4 5 |  5.4
Conjurations   | 1 2 3 5 6 |  6.7
Spellcasting   | 3 4 5 6 7 8 |  8.6
Stealth        | 3 4 5 |  5.0
Invocations    | 1 3 4 |  4.2

Action                   |  1- 3 |  4- 6 |  7- 9 | 10-12 || total
-------------------------+-------+-------+-------+-------++-------
Melee: Unarmed           |    11 |    39 |       |       ||    50
       Staff             |       |       |     6 |    12 ||    18
 Cast: Sandblast         |    47 |    69 |    76 |    23 ||   215
       Stone Arrow       |       |     2 |    87 |   157 ||   246
       Lee's Rapid Decon |       |       |       |    25 ||    25
       Passwall          |       |       |       |     1 ||     1
 Abil: Evoke Flight      |       |       |       |     2 ||     2
  Use: Scroll            |       |       |    12 |     2 ||    14
 Stab: Sleeping          |       |     2 |       |       ||     2
Armor: Robe              |     7 |    17 |    22 |     1 ||    47
       Troll leather arm |       |       |       |    69 ||    69
Dodge: Dodged            |     9 |    49 |    41 |   108 ||   207
